cohdb
Replays
Latest Replays
All Replays
Popular Replays
Top Player Replays
Match Explorer
How It Works
Community
CoH3 Stats
Reddit
Sign in to upload your games and track your stats! →
Sign in with Steam
Match 46372942
Unlisted
Match 46372942
Overview
Messages
Build Orders
End
Engineer Squad
Construct Barracks
Selects Airborne Battlegroup
Selects Heavy Machine Gun Paradrop
1⁄4-ton 4x4 Truck
Heavy Machine Gun Paradrop
Heavy Machine Gun Paradrop
Selects Paratrooper Squad Paradrop
Construct Medical Station
Paratrooper Squad Paradrop
Mechanized Support Center
Construct Motor Pool
Selects Recon Loiter
Selects Supply Drop
Supply Drop
M24 Chaffee Light Tank
Paratrooper Squad Paradrop
Recon Loiter
Recon Loiter
Paratrooper Squad Paradrop
Construct Tank Depot
Designate Forward Repair Station
Selects Carpet Bombing Run
M4A1 Sherman Medium Tank
Improvised Armor
Engineer Squad
Supply Drop
Recon Loiter
M4A1 Sherman Medium Tank
Carpet Bombing Run
Paratrooper Squad Paradrop
M4A1 76mm Conversion
Recon Loiter
Supply Drop
Carpet Bombing Run
M18 Hellcat Tank Destroyer
Recon Loiter
Supply Drop
Esxile
CatUnderHelmet
(KCC)MGfirst
sweetfinger
0
0
Comments
sign in to comment!
No comments posted yet!